 Dungeon Crawl Stone Soup version 0.31-a0-496-g6f97920a28 (webtiles) character file.

Game seed: 8815896685457057271

8 AstroCodex24 the Shield-Bearer (level 2, -2/23 HPs)
             Began as a Vampire Fighter on Aug 8, 2023.
             Killed from afar by Terence (8 damage)
             ... with a puff of flame
             ... on level 2 of the Dungeon.
             The game lasted 00:00:50 (160 turns).

AstroCodex24 the Shield-Bearer (Vampire Fighter)     Turns: 160, Time: 00:00:51

Health: -2/23      AC:  6    Str: 15    XL:     2   Next: 0%
Magic:  2/2        EV:  8    Int: 10    God:
Gold:   41         SH:  4    Dex: 13    Spells: 1/1 levels left

rFire   . . .        a - +0 war axe
rCold   . . .        c - +0 buckler
rNeg    . . .        b - +0 scale mail
rPois   .            (no helmet)
rElec   .            (no cloak)
rCorr   .            (no gloves)
SInv    +            (no boots)
Will    .....        (no amulet) Stlth
                     (no ring)
HPRegen 0.43/turn    (no ring)
MPRegen 0.08/turn

%: no passive effects
@: healing quickly
A: alive, fangs 3, see invisible, vampiric 1
a: Exsanguinate


You were on level 2 of the Dungeon.
You visited 1 branch of the dungeon, and saw 2 of its levels.

You collected 41 gold pieces.

Inventory:

Hand Weapons
 a - a +0 war axe (weapon)
Armour
 b - a +0 scale mail (worn)
 c - a +0 buckler (worn)
Potions
 d - a potion of might
 e - a potion of curing {unknown}


   Skills:
 + Level 2.8 Fighting
 + Level 1.9 Axes
 + Level 2.5 Armour
 + Level 2.8 Shields


You had one spell level left.
You didn't know any spells.
Your spell library was empty.

Dungeon Overview and Level Annotations

Branches:
Dungeon (2/15)

Altars:

Annotations:
D:2 Terence


Innate Abilities, Weirdness & Mutations

Your natural rate of healing is accelerated.
You have razor-sharp teeth.
You have supernaturally acute eyesight. (SInv)
You are afflicted with vampirism.


Message History

The bat barely misses you. The bat hits you but does no damage.
The bat closely misses you. The bat hits you but does no damage.
You see here 14 gold pieces.
You hit the bat.
You kill the bat!
You now have 31 gold pieces (gained 14).
Found 10 gold pieces.
You now have 41 gold pieces (gained 10).
Found a stone staircase leading down.
A frilled lizard comes into view.
The frilled lizard unfolds its giant frill.
Found 9 gold pieces.
Found a green potion.
You block the frilled lizard's attack.
You barely miss the frilled lizard. The frilled lizard bites you.
The frilled lizard bites you but does no damage.
You miss the frilled lizard.
The frilled lizard bites you but does no damage.
You barely miss the frilled lizard. The frilled lizard bites you.
The frilled lizard bites you but does no damage.
You slash the frilled lizard!
You kill the frilled lizard!
You have reached level 2!
You see here a frilled lizard corpse.
Found a stone staircase leading down.
There is a stone staircase leading down here.
You climb downwards.
There is a stone staircase leading up here.
Terence the Incautious comes into view.
He is wielding a +0 mace and carrying a wand of flame.
Terence shouts!
Terence zaps a wand.
The puff of flame hits you!
An endoplasm comes into view.
Terence hits you with a +0 mace.
You hit Terence but do no damage.
Terence zaps a wand.
The puff of flame hits you.
* * * LOW HITPOINT WARNING * * *
You hit Terence.
Terence is moderately wounded.
Terence zaps a wand.
The puff of flame hits you!
You die...

#########
#.......# # ###
#.#####.# #.#..
#.# #.#
#.#.######.#####.#
..J.............#
#@#####...######
#@........#
#######.#.# #.#.#
#.#.# #.#.# #.#.#
..#<# ###.# #.#


You could see Terence and an endoplasm.

Vanquished Creatures
  An endoplasm (D:1)
  2 hobgoblins (D:1)
  2 bats (D:1)
  A frilled lizard (D:1)
  3 rats (D:1)
9 creatures vanquished.

Notes
Turn   | Place    | Note
-------+----------+-------------------------------------------
     0 | D:1      | AstroCodex24 the Vampire Fighter began the quest for the
                  | Orb.
     0 | D:1      | Reached XP level 1. HP: 17/17 MP: 1/1
   117 | D:1      | Reached XP level 2. HP: 22/23 MP: 2/2
   156 | D:2      | Noticed Terence
   160 | D:2      | Killed from afar by Terence

Illustrated notes

Levels and vault maps discovered:
D:1:      onia_arrival_handbag, layout_loops_cross
D:2:      layout_basic, serial_shops, shop, uniq_terence

Action                     || total
---------------------------++-------
  Melee: War axe           ||    19
         Bite              ||     1
 Armour: Scale mail        ||    12
  Dodge: Dodged            ||    10
  Block: Buckler           ||     5

Table legend: (Time is in decaauts)
 A = Elapsed time spent in this place.
 B = Non-inter-level travel time spent in this place.
 C = Inter-level travel time spent in this place.
 D = Time resting spent in this place.
 E = Time spent auto-exploring this place.
 F = Levels seen in this place.
 G = Mean time per level.
                   A        B        C        D        E       F      G
               +--------+--------+--------+--------+--------+-----+--------+
         Total |    167 |    167 |      0 |      0 |      0 |   2 |   83.5 |
       Dungeon |    167 |    167 |      0 |      0 |      0 |   2 |   83.5 |
               +--------+--------+--------+--------+--------+-----+--------+

Top non-repeatable levels by time:
     D:1: 129 daAuts
     D:2: 38 daAuts
